 Dungeon Crawl Stone Soup version 0.17-a0-1504-gb7d9117 (webtiles) character file.

117 urechis the Cudgeler (level 5, -2/55 HPs)
             Began as an Ogre Gladiator on July 9, 2015.
             Slain by a crimson imp (4 damage)
             ... summoned by Natasha
             ... on level 2 of the Dungeon.
             The game lasted 00:03:11 (2046 turns).

urechis the Cudgeler (Ogre Gladiator)               Turns: 2046, Time: 00:03:11

Health: -2/55      AC:  3    Str: 21    XL:     5   Next: 1%
Magic:  5/5        EV: 10    Int: 12    God:
Gold:   58         SH:  0    Dex: 10    Spells: 0 memorised, 4 levels left

rFire  . . .     SeeInvis .     a - +0 flail
rCold  . . .     Clarity  .     b - +0 robe
rNeg   . . .     SustAt   .     (no shield)
rPois  .         Gourm    .     c - +0 hat
rElec  .         Spirit   .     (no cloak)
rCorr  .         Warding  .     (gloves unavailable)
rMut   .         Stasis   .     (boots unavailable)
MR     .....                    s - amulet of regeneration
Stlth  +.........               (no ring)
                                (no ring)

@: brilliant, not resistant to hostile enchantments, very unstealthy
A: unfitting armour, tough skin 1
a: no special abilities


You were on level 2 of the Dungeon.
You were hungry.

You visited 1 branch of the dungeon, and saw 2 of its levels.

You collected 58 gold pieces.

Inventory:

Hand weapons
 a - a +0 flail (weapon)
Missiles
 d - 3 throwing nets (quivered)
 p - 15 poisoned needles
Armour
 b - a +0 robe (worn)
 c - a +0 hat (worn)
Jewellery
 h - an uncursed amulet of faith
 s - an amulet of regeneration (around neck)
Magical devices
 t - a wand of flame (33)
Scrolls
 f - a scroll of immolation {unknown}
 g - 3 scrolls of identify {unknown}
 m - a scroll of blinking {unknown}
 n - a scroll of recharging {unknown}
Potions
 j - a potion of haste {unknown}
 l - a potion of heal wounds {unknown}
 r - a potion of might {unknown}
Comestibles
 e - 4 bread rations
 k - 2 meat rations
 o - 2 beef jerkies
 q - 4 fruits


   Skills:
 + Level 4.3 Fighting
 * Level 6.4 Maces & Flails
 - Level 2.1 Throwing
 - Level 2.6 Dodging


You had 4 spell levels left.
You didn't know any spells.

Dungeon Overview and Level Annotations

Branches:
Dungeon (2/15)

Altars:

Annotations:
D:2 Natasha


Innate Abilities, Weirdness & Mutations

You are too large for most types of armour.
You have tough skin (AC +1).


Message History

You hit the crimson imp.
The crimson imp is heavily wounded.
The crimson imp hits you but does no damage.
Natasha zaps a wand.
The puff of flame hits you!
You closely miss the crimson imp.
The crimson imp is heavily wounded.
The crimson imp hits you but does no damage.
Natasha claws you!
You hit the crimson imp.
The crimson imp is severely wounded.
The crimson imp hits you.
Natasha zaps a wand.
The puff of flame hits you!
* * * LOW HITPOINT WARNING * * *
You completely miss Natasha. The crimson imp barely misses you.
Natasha zaps a wand.
The puff of flame hits you!
* * * LOW HITPOINT WARNING * * *
Drink which item? (? for menu, Esc to quit)
It was a potion of brilliance.
You feel clever all of a sudden. The crimson imp hits you.
You die...

#.##.###.......####...##..[##
#.##.....####..# ##.##.....####
#.####.........# #........[...
#.####.........# ####.....####
#....#.........# ##...## ##
#..............####### ##.## ##.
#....#.............<.# #.####..
#.#.##....>...h....#.####.......
#.#.##........5@..........####..
#.#†#########.####.#.####.# ##.
##.#.##### #.# #.#.# #.# ##
.......).#####.# #.#.# #.#
##.#........##.# #.#.# #.#
##......###.##.# #.#.####.#
##.#...## #.##.# #.#....#.#
##....## #.(..# #........#
####..# #.#..####)####.###


You could see Natasha and a crimson imp.

Vanquished Creatures
  Jessica (D:2)
  Natasha (twice) (D:2)
  An adder (D:2)
  3 giant geckos
  5 bats
  6 hobgoblins
  A quokka (D:2)
  4 giant cockroaches
  4 giant newts
  8 goblins
  4 kobolds
  15 rats
54 creatures vanquished.

Notes
Turn   | Place    | Note
--------------------------------------------------------------
     0 | D:1      | urechis the Ogre Gladiator began the quest for the Orb.
     0 | D:1      | Reached XP level 1. HP: 22/22 MP: 1/1
   152 | D:1      | Reached XP level 2. HP: 25/31 MP: 2/2
   962 | D:2      | Noticed Jessica
   977 | D:2      | Killed Jessica
   977 | D:2      | Reached skill level 5 in Maces & Flails
   977 | D:2      | Reached XP level 3. HP: 21/39 MP: 3/3
  1069 | D:2      | Found a faded altar to an unknown god.
  1241 | D:2      | Reached XP level 4. HP: 27/48 MP: 4/4
  1534 | D:2      | Noticed Natasha
  1544 | D:2      | Killed Natasha
  1544 | D:2      | Reached skill level 6 in Maces & Flails
  1722 | D:2      | Noticed Natasha
  1729 | D:2      | Killed Natasha
  2008 | D:2      | Reached XP level 5. HP: 51/54 MP: 5/5
  2038 | D:2      | Noticed Natasha
  2045 | D:2      | HP: 2/55 [Natasha/wand of flame (10)]
  2046 | D:2      | Slain by a crimson imp

Vault maps used:
D:1:      erik_arrival_orb_chamber, st_stairs_12, minmay_statues_item
D:2:      ecumenical_altar_2, first_bread, item_on_display_a, uniq_jessica,
          uniq_natasha

Action                   |  1- 3 |  4- 6 || total
-------------------------+-------+-------++-------
Melee: Flail             |   110 |    54 ||   164
  Use: Potion            |       |     1 ||     1
 Stab: Sleeping          |     1 |       ||     1
  Eat: Chunk             |     1 |     2 ||     3
